 Dungeon Crawl Stone Soup version 0.27-a0-1189-gb8eb6cee8e (webtiles) character file.

Game seed: 990530443318521390

5914 polve the Blocker (level 10, 0/56 HPs)
             Began as a Gargoyle Fighter on May 22, 2021.
             Was a Believer of Qazlal.
             Slain by a seven-headed hydra (11 damage)
             ... on level 1 of the Lair of Beasts.
             The game lasted 00:09:36 (8922 turns).

polve the Blocker (Gargoyle Fighter)                Turns: 8922, Time: 00:09:37

Health: 0/56       AC: 25    Str: 23    XL:     10   Next: 83%
Magic:  10/10      EV:  6    Int:  9    God:    Qazlal [**....]
Gold:   665        SH: 23    Dex: 15    Spells: 9/9 levels left

rFire    . . .     SeeInvis .   D - +4 morningstar
rCold    . . .     Faith    .   i - +2 kite shield
rNeg     + . .     Spirit   .   r - +0 plate armour
rPois    ∞         Reflect  +   e - +0 helmet
rElec    +         Harm     .   c - +1 cloak {Will+}
rCorr    +         Rampage  .   (no gloves)
Will     +....                  L - +2 pair of boots {Fly}
Stlth    ..........             F - amulet of reflection
HPRegen  0.18/turn              g - +6 ring of dexterity
MPRegen  0.12/turn              K - ring of resist corrosion

@: flying, studying Unarmed Combat
A: sickness immunity, AC +7, negative energy resistance 1, electricity
resistance, torment resistance 1, petrification resistance
a: Renounce Religion, Upheaval


You were on level 1 of the Lair of Beasts.
You worshipped Qazlal.
Qazlal was pleased with you.
You visited 3 branches of the dungeon, and saw 12 of its levels.
You visited the Abyss 1 time.

You collected 665 gold pieces.

Inventory:

Hand Weapons
 a - a +0 flail
 b - a +7 flail of distortion
 n - a +2 whip of holy wrath
 D - a +4 morningstar (weapon)
Missiles
 s - 5 throwing nets
 I - a curare-tipped dart
Armour
 c - a +1 cloak of willpower (worn)
 e - a +0 helmet (worn)
 i - a +2 kite shield (worn)
 r - a +0 plate armour (worn)
 L - a +2 pair of boots of flying (worn)
Jewellery
 g - a +6 ring of dexterity (left hand)
 F - an amulet of reflection (around neck)
 K - a ring of resist corrosion (right hand)
Wands
 o - a wand of paralysis (4)
 p - a wand of charming (9)
 y - a wand of iceblast (11)
 E - a wand of acid (30)
 O - a wand of digging (6)
Scrolls
 h - 4 scrolls of teleportation
 j - 2 scrolls of magic mapping {unknown}
 m - a scroll of fear {unknown}
 t - 3 scrolls of noise {unknown}
 u - 2 scrolls of enchant weapon {unknown}
 B - a scroll of holy word
 C - a scroll of immolation
 G - a scroll of silence
 H - 4 scrolls of blinking
 J - a scroll of amnesia
 M - a scroll of fog
Potions
 d - a potion of might
 f - a potion of degeneration
 k - 2 potions of magic {unknown}
 l - 2 potions of brilliance {unknown}
 q - 2 potions of haste {unknown}
 w - 2 potions of cancellation {unknown}
 x - a potion of lignification {unknown}
 z - 4 potions of invisibility {unknown}
 A - 5 potions of curing
 N - a potion of flight {unknown}


   Skills:
 - Level 3.2 Fighting
 + Level 11.4 Maces & Flails
 - Level 3.2 Armour
 + Level 12.2 Shields


You had 9 spell levels left.
You didn't know any spells.
Your spell library contained the following spells:

 Spells                   Type           Power      Damage    Failure   Level
 Beastly Appendage        Tmut           0%         N/A       100%        1
 Corona                   Hex            0%         N/A       100%        1
 Foxfire                  Conj/Fire      0%         2x1d4     100%        1
 Magic Dart               Conj           0%         1d3       100%        1
 Blink                    Tloc           N/A        N/A       100%        2
 Call Imp                 Summ           0%         N/A       100%        2
 Poisonous Vapours        Pois/Air       0%         N/A       100%        2
 Slow                     Hex            0%         N/A       100%        2
 Wereblood                Tmut           0%         N/A       100%        2
 Confusing Touch          Hex            0%         N/A       100%        3
 Conjure Flame            Conj/Fire      0%         6-21      100%        3
 Gell's Gravitas          Tloc           0%         N/A       100%        3
 Inner Flame              Hex/Fire       0%         N/A       100%        3
 Mephitic Cloud           Conj/Pois/Air  0%         N/A       100%        3
 Portal Projectile        Hex/Tloc       0%         N/A       100%        3
 Spider Form              Tmut/Pois      0%         N/A       100%        3
 Cause Fear               Hex            0%         N/A       100%        4
 Ice Form                 Ice/Tmut       0%         N/A       100%        4
 Leda's Liquefaction      Hex/Erth       0%         N/A       100%        4
 Petrify                  Tmut/Erth      0%         N/A       100%        4
 Sticky Flame             Conj/Fire      0%         2d3       100%        4
 Fireball                 Conj/Fire      0%         3d3       100%        5
 Hydra Form               Tmut           0%         N/A       100%        5
 Metabolic Englaciation   Hex/Ice        0%         N/A       100%        5
 Yara's Violent Unravell  Hex/Tmut       0%         3d3       100%        5
 Freezing Cloud           Conj/Ice/Air   0%         6-21      100%        6


Dungeon Overview and Level Annotations

Branches:
Dungeon (10/15)            Temple (1/1) D:5            Lair (1/6) D:9
    Orc: D:9-12

Altars:
Ashenzari
Cheibriados
Dithmenos
Elyvilon
Fedhas
Gozag
Hepliaklqana
Kikubaaqudgha
Makhleb
Nemelex Xobeh
Okawaru
Qazlal
Ru
Sif Muna
Trog
Uskayaw
Vehumet
Wu Jian
Xom
Yredelemnul
Zin
The Shining One

Annotations:
Lair:1 exclusion: oklob plant


Innate Abilities, Weirdness & Mutations

You are immune to sickness and miasma.
Your stone body is resilient. (AC +7)
You are immune to poison.
You resist negative energy. (rN+)
You are resistant to electric shocks. (rElec)
You are resistant to unholy torment.
You are immune to petrification.


Message History

You block the seven-headed hydra's attack. x2
The seven-headed hydra bites you but does no damage.
The seven-headed hydra closely misses you.
You block the seven-headed hydra's attack.
The seven-headed hydra barely misses you.
The seven-headed hydra bites you but does no damage.
You sock the seven-headed hydra!
The seven-headed hydra is moderately wounded.
You block the seven-headed hydra's attack. x2
The seven-headed hydra bites you but does no damage. x2
You block the seven-headed hydra's attack.
The seven-headed hydra bites you but does no damage.
The seven-headed hydra bites you.
You hit the seven-headed hydra.
The seven-headed hydra is moderately wounded.
You block the seven-headed hydra's attack.
The seven-headed hydra bites you!
You block the seven-headed hydra's attack. x2
The seven-headed hydra bites you!
You block the seven-headed hydra's attack.
The seven-headed hydra bites you but does no damage.
You are too injured to fight recklessly!
You are too injured to fight recklessly!
You are too injured to fight recklessly!
A seven-headed hydra is nearby!
A seven-headed hydra is nearby!
You puncture the seven-headed hydra!
The seven-headed hydra is heavily wounded.
The seven-headed hydra bites you!
You block the seven-headed hydra's attack. x3
The seven-headed hydra bites you but does no damage.
The seven-headed hydra bites you. The seven-headed hydra bites you!
* * * LOW HITPOINT WARNING * * *
The seven-headed hydra barely misses you.
The seven-headed hydra bites you but does no damage. x2
You block the seven-headed hydra's attack.
The seven-headed hydra bites you but does no damage.
The seven-headed hydra barely misses you.
The seven-headed hydra bites you!
You die...

#..... .... #..#.#..#
###......# #
#...†.+###...
####.....#...
#.#...#.... ##.#........
#..D.8.#.#. ##.#@○.#...
#.....#.#.. ##......##.
... ##.#+### .
...###...# ##.......)..
....#...## #...........
.......(####...........
.....≈≈≈...............
....≈≈≈≈≈..##...........


You could see a seven-headed hydra.

Vanquished Creatures
  Harold (D:8)
  2 thrashing horrors (Abyss:3)
  A rime drake (Lair:1)
  A wraith (D:8)
  A steam dragon (D:8)
  Edmund (D:6)
  5 water moccasins
  An acid dragon (D:9)
  A sky beast (D:7)
  A large abomination (Abyss:3)
  A black bear (D:4)
  A necrophage (D:6)
  6 centaurs
  4 ogres
  2 phantoms
  2 kobold brigands
  3 bullfrogs
  2 scorpions (D:4)
  A wyvern skeleton (D:6)
  9 wights
  2 centaur zombies
  An orc priest (D:5)
  2 hounds
  3 jellies
  An orc wizard (D:6)
  Crazy Yiuf (D:2)
  Jessica (D:3)
  An iguana (D:4)
  A hound zombie (D:4)
  A hound skeleton (D:4)
  2 howler monkey zombies
  5 adders
  An ufetubus (D:4)
  3 worms (D:2)
  2 dart slugs (D:4)
  9 orcs
  9 ball pythons
  5 bats
  7 endoplasms (D:1)
  3 giant cockroaches
  5 goblins
  4 hobgoblins
  4 jackals
  11 quokkas
  2 frilled lizards (D:3)
  A jackal zombie (D:4)
  10 kobolds
  5 rats
  A rat zombie (D:4)
149 creatures vanquished.

Notes
Turn   | Place    | Note
-------+----------+-------------------------------------------
     0 | D:1      | polve the Gargoyle Fighter began the quest for the Orb.
     0 | D:1      | Reached XP level 1. HP: 14/14 MP: 1/1
   100 | D:1      | Reached XP level 2. HP: 13/19 MP: 2/2
   546 | D:1      | Found a faded altar of an unknown god.
   609 | D:1      | Reached XP level 3. HP: 20/23 MP: 3/3
  1692 | D:2      | Found a runed translucent door.
  1693 | D:2      | Noticed Crazy Yiuf
  2087 | D:2      | Reached XP level 4. HP: 28/28 MP: 4/4
  2308 | D:2      | Killed Crazy Yiuf
  2309 | D:2      | Reached skill level 4 in Shields
  2573 | D:3      | Noticed a centaur
  2587 | D:3      | Killed a centaur
  2588 | D:3      | Reached XP level 5. HP: 18/32 MP: 5/5
  2768 | D:3      | You fall into a shaft and drop 2 floors!
  2768 | D:5      | Entered Level 5 of the Dungeon
  2837 | D:5      | Found a burning altar of Makhleb.
  2848 | D:5      | Reached skill level 5 in Shields
  2848 | D:5      | Reached XP level 6. HP: 29/37 MP: 6/6
  2966 | D:5      | Found a staircase to the Ecumenical Temple.
  2977 | Temple   | Entered the Ecumenical Temple
  3056 | Temple   | Became a worshipper of Qazlal Stormbringer
  3126 | D:5      | Reached skill level 5 in Maces & Flails
  3328 | D:5      | Reached XP level 7. HP: 41/41 MP: 7/7
  3421 | D:5      | Reached skill level 6 in Shields
  3781 | D:4      | Reached skill level 7 in Shields
  3949 | D:4      | Reached * piety under Qazlal
  3993 | D:4      | Reached XP level 8. HP: 46/46 MP: 8/8
  4084 | D:4      | Found an ornate altar of the Wu Jian Council.
  4085 | D:4      | Found a basalt altar of Yredelemnul.
  4110 | D:4      | You are sucked into a shaft and drop 2 floors!
  4171 | D:6      | Noticed Edmund
  4199 | D:6      | Killed Edmund
  4441 | D:5      | Reached skill level 8 in Shields
  5363 | D:3      | Found an opulent altar of Gozag.
  5387 | D:3      | Noticed Jessica
  5392 | D:3      | Killed Jessica
  6111 | D:6      | Reached skill level 9 in Shields
  6111 | D:6      | Reached XP level 9. HP: 51/51 MP: 9/9
  6437 | D:7      | Found a shadowy altar of Dithmenos.
  6475 | D:7      | Reached ** piety under Qazlal
  6559 | D:7      | Cast into level 2 of the Abyss (unwielding a weapon of
                  | distortion)
  6575 | Abyss:3  | Found a corrupted altar of Lugonu.
  6618 | Abyss:3  | Noticed a thrashing horror
  6620 | Abyss:3  | Noticed a thrashing horror
  6627 | Abyss:3  | Killed a thrashing horror
  6628 | Abyss:3  | Reached skill level 10 in Shields
  6632 | Abyss:3  | Noticed a large abomination
  6636 | Abyss:3  | Killed a thrashing horror
  6637 | Abyss:3  | Reached skill level 10 in Maces & Flails
  6637 | Abyss:3  | Reached XP level 10. HP: 11/56 MP: 10/10
  6639 | D:7      | Escaped the Abyss
  7112 | D:7      | Reached skill level 11 in Shields
  7653 | D:8      | Noticed Harold
  7668 | D:8      | Killed Harold
  7997 | D:9      | Found a staircase to the Lair.
  8261 | D:9      | Found a glowing golden altar of the Shining One.
  8402 | D:9      | Reached skill level 12 in Shields
  8446 | D:9      | Found a glowing silver altar of Zin.
  8654 | D:10     | Entered Level 10 of the Dungeon
  8670 | Lair:1   | Entered Level 1 of the Lair of Beasts
  8713 | Lair:1   | Noticed an oklob plant
  8909 | Lair:1   | Noticed a seven-headed hydra
  8922 | Lair:1   | Slain by a seven-headed hydra

Illustrated notes

Levels and vault maps discovered:
D:1:      amcnicky_arrival_underground_garden, layout_basic,
          serial_corexii_hall, corexii_hall_statues_i,
          corexii_hall_statues_deadend, corexii_hall_statues_x,
          chequers_hall_statues_wall_a, chequers_hall_statues_wall_a,
          corexii_hall_statues_t, chequers_ecumenical_altar_simple,
          minmay_misc_feat_tiny
D:2:      layout_loops_ring, minivault_11, uniq_crazy_yiuf_cottage
D:3:      layout_loops_corners, lemuel_crystal_altar, kennysheep_jessica_study
D:4:      layout_cave_pools, minitemple, enter_ossuary_3, minmay_mini_jars
D:5:      layout_basic, nicolae_overflow_crystal_walls,
          minmay_temple_entry_glassed_door, minmay_manual_mares
D:6:      layout_rooms, st_stairs_7, uniq_edmund
D:7:      layout_basic, grunt_dithmenos_smoke_and_mirrors
D:8:      layout_cave_pools, uniq_harold
D:9:      layout_loops_cross, nicolae_tso_swordbearing_angel,
          kennysheep_little_box, lair_entry_dummy,
          amcnicky_mini_rare_corridor_liquid
D:10:     layout_basic, erik_orc_1
Temple:   regret_index_temple_waves
Lair:1:   layout_cave_pods, ebering_ghost_reflecting_pool, grunt_megastairs_1,
          infiniplex_staircase_pool, minmay_lair_oklob_chamber, uniq_grum

Skill      XL: |  1  2  3  4  5  6  7  8  9 10 |
---------------+-------------------------------+-----
Maces & Flails | 3 4 5 6 8 10 11 | 11.4
Shields        | 4 5 7 9 10 12 | 12.2
Fighting       | |  3.2
Armour         | |  3.2

Action                   |  1- 3 |  4- 6 |  7- 9 | 10-12 || total
-------------------------+-------+-------+-------+-------++-------
Melee: Flail             |   100 |    81 |   203 |       ||   384
       Morningstar       |       |       |    17 |   134 ||   151
  Use: Potion            |       |     1 |     4 |       ||     5
       Scroll            |       |       |       |     7 ||     7
Armor: Scale mail        |    23 |       |       |       ||    23
       Chain mail        |    19 |    67 |       |       ||    86
       Plate armour      |       |       |    95 |    39 ||   134
Dodge: Dodged            |    24 |    22 |    34 |    17 ||    97
Block: Kite shield       |    44 |    73 |   183 |   142 ||   442
       Reflection        |       |       |       |     9 ||     9

Table legend: (Time is in decaauts)
 A = Elapsed time spent in this place.
 B = Non-inter-level travel time spent in this place.
 C = Inter-level travel time spent in this place.
 D = Time resting spent in this place.
 E = Time spent auto-exploring this place.
 F = Levels seen in this place.
 G = Mean time per level.
                   A        B        C        D        E       F      G
               +--------+--------+--------+--------+--------+-----+--------+
         Total |   9054 |   8542 |    512 |      0 |   7274 |  14 |  646.7 |
       Dungeon |   8736 |   8283 |    453 |      0 |   7105 |  10 |  873.6 |
        Temple |    138 |     80 |     58 |      0 |     74 |   1 |  138.0 |
          Lair |     97 |     97 |      0 |      0 |     53 |   1 |   97.0 |
         Abyss |     81 |     81 |      0 |      0 |     42 |   2 |   40.5 |
               +--------+--------+--------+--------+--------+-----+--------+

Top non-repeatable levels by time:
     D:5: 1277 daAuts
     D:2: 1276 daAuts
     D:1: 1136 daAuts
     D:3: 1107 daAuts
     D:4: 917 daAuts
     D:9: 909 daAuts
     D:7: 855 daAuts
     D:6: 649 daAuts
     D:8: 604 daAuts
  Temple: 138 daAuts
  Lair:1: 97 daAuts
 Abyss:3: 67 daAuts
 Abyss:2: 14 daAuts
    D:10: 1 daAuts
